 Dungeon Crawl Stone Soup version 0.20.0-15-g7f486f2 (webtiles) character file.

414 Gorglomux the Skirmisher (level 7, -3/56 HPs)
             Began as a Formicid Wizard on June 11, 2017.
             Was an Initiate of Gozag.
             Slain by an iguana (5 damage)
             ... on level 5 of the Dungeon.
             The game lasted 00:11:38 (5942 turns).

Gorglomux the Skirmisher (Formicid Wizard)          Turns: 5942, Time: 00:11:38

Health: -3/56      AC:  9    Str: 12 (14) XL:     7   Next: 14%
Magic:  0/11       EV:  5    Int: 15 (17) God:    Gozag
Gold:   235        SH:  0    Dex: 13 (14) Spells: 11/12 levels left

rFire    + . .     SeeInvis +   a - +0 mace
rCold    + . .     Gourm    .   (no shield)
rNeg     . . .     Faith    .   O - +0 chain mail
rPois    +         Spirit   +   (helmet unavailable)
rElec    +         Reflect  .   (no cloak)
rCorr    +         Harm     .   v - +0 pair of gloves
MR       .....                  (no boots)
Stlth    ..........             C - amulet of guardian spirit
Regen    0.2/turn               r - +5 ring of dexterity
MPRegen  0.2/turn               t - ring of teleportation (curse)

@: lethally poisoned (-3 -> -6), resistant
A: permanent stasis, dig shafts and tunnels, four strong arms, antennae 3
a: Dig, Shaft Self, Potion Petition, Call Merchant, Bribe Branch, Renounce
Religion


You were on level 5 of the Dungeon.
You worshipped Gozag.
Gozag was aware of your devotion.
You were not hungry.

You visited 2 branches of the dungeon, and saw 6 of its levels.

You collected 307 gold pieces.
You paid 72 gold pieces to Gozag.

Inventory:

Hand Weapons
 a - a +0 mace (weapon)
 b - a +0 hunting sling
 l - a +0 whip
Missiles
 G - 180 stones (quivered)
Armour
 e - a +0 robe
 p - a +0 ring mail
 v - a +0 pair of gloves (worn)
 O - a +0 chain mail (worn)
Jewellery
 r - a +5 ring of dexterity (left hand)
 t - a cursed ring of teleportation (right hand)
 C - an amulet of guardian spirit (around neck)
Scrolls
 g - a scroll of amnesia {unknown}
 h - 3 scrolls of remove curse {unknown}
 i - 2 scrolls of enchant armour {unknown}
 q - a scroll of enchant weapon {unknown}
 x - a scroll of teleportation {unknown}
 J - a scroll of identify {unknown}
Potions
 k - a potion of agility
 A - a potion of magic {unknown}
 E - a potion of lignification {unknown}
 H - a potion of might
 M - a potion of flight {unknown}
 P - a potion of mutation {unknown}
Books
 F - a book of Minor Magic

   Spells                             Type                      Level
   a - Magic Dart                     Conjuration                  1
   b - Blink                          Translocation                2
   c - Call Imp                       Summoning                    2
   d - Slow                           Hexes                        2
   e - Conjure Flame                  Conjuration/Fire             3
   f - Mephitic Cloud                 Conjuration/Poison/Air       3
Comestibles
 c - 3 bread rations
 z - a meat ration


   Skills:
 + Level 5.0 Fighting
 + Level 4.7 Maces & Flails
 - Level 1.7 Dodging
 - Level 2.4 Stealth
 - Level 3.2 Spellcasting
 - Level 0.8 Conjurations
   Level 1.0 Summonings
   Level 0.8 Translocations


You had 11 spell levels left.
You knew the following spells:

 Your Spells              Type           Power        Failure   Level  Hunger
a - Magic Dart            Conj           #...         100%        1    #......


Dungeon Overview and Level Annotations

Branches:
Dungeon (5/15)             Temple (1/1) D:4

Altars:
Cheibriados
Dithmenos
Elyvilon
Fedhas
Gozag
Makhleb
Nemelex Xobeh
Qazlal
Ru
Sif Muna
Trog
Uskayaw
Xom
Yredelemnul
Zin
The Shining One

Annotations:
D:4 Gorglomux's ghost, amateur FoWz


Innate Abilities, Weirdness & Mutations

You cannot be hasted, slowed, berserked, paralysed or teleported.
You can dig through walls and to a lower floor.
Your four strong arms can wield two-handed weapons with a shield.
You have a pair of large antennae on your head. (SInv)


Message History

You closely miss the iguana.
The iguana is severely wounded.
You feel sick. The iguana bites you!
* * * LOW HITPOINT WARNING * * *
Unknown command.
It was a potion of degeneration.
There was something very wrong with that liquid.
You feel weakened.
You feel dopey.
You feel clumsy. The iguana bites you!
* * * LOW HITPOINT WARNING * * *
It was a potion of resistance.
You feel protected.
* * * LOW HITPOINT WARNING * * *
You feel sick.
The iguana bites you but does no damage.
It was a potion of berserk rage.
Your stasis prevents you from going berserk.
The iguana bites you.
You die...
Your body crumbles into a pile of gold.

..#>#.. . #.#.#.#.#
#.#.#.#.##
#........#
#<###.####
#........###.##
###........l..#####
.............#.##.#
..#..........##l@##
.............#####
..#..........#
###..........#
#########


You could see an iguana.

Vanquished Creatures
  A scorpion (D:4)
  3 hounds
  An iron imp (D:3)
  An iguana (D:4)
  2 worker ants (D:5)
  2 river rats (D:3)
  4 adders
  4 oozes
  3 worms
  A leopard gecko (D:3)
  13 orcs
  A ball python (D:3)
  2 giant cockroaches
  13 goblins
  6 hobgoblins
  2 jackals (D:4)
  6 kobolds
  2 quokkas
  4 bats
  6 frilled lizards
  14 rats
91 creatures vanquished.

Notes
Turn   | Place    | Note
-------+----------+-------------------------------------------
     0 | D:1      | Gorglomux the Formicid Wizard began the quest for the Orb.
     0 | D:1      | Reached XP level 1. HP: 13/13 MP: 4/4
   417 | D:1      | Reached skill level 1 in Fighting
   565 | D:1      | Reached XP level 2. HP: 21/21 MP: 1/6
   750 | D:1      | Reached skill level 1 in Maces & Flails
  1266 | D:2      | Reached XP level 3. HP: 27/27 MP: 4/7
  1966 | D:2      | Reached skill level 2 in Fighting
  2141 | D:2      | Reached XP level 4. HP: 33/33 MP: 0/8
  2528 | D:3      | Found a burning altar of Makhleb.
  2912 | D:3      | Found a sacrificial altar of Ru.
  3140 | D:3      | Found a stormy altar of Qazlal.
  3785 | D:3      | Reached skill level 3 in Fighting
  3785 | D:3      | Reached skill level 3 in Maces & Flails
  3785 | D:3      | Reached XP level 5. HP: 38/41 MP: 9/9
  4418 | D:4      | Noticed Gorglomux's ghost (amateur FoWz)
  4955 | D:3      | Reached XP level 6. HP: 41/48 MP: 7/10
  5073 | D:3      | Reached skill level 4 in Fighting
  5084 | D:4      | Found a staircase to the Ecumenical Temple.
  5098 | Temple   | Entered the Ecumenical Temple
  5307 | Temple   | Became a worshipper of Gozag Ym Sagoz the Greedy
  5531 | D:4      | Found a hide-covered altar of Uskayaw.
  5723 | D:5      | Entered Level 5 of the Dungeon
  5745 | D:5      | Reached XP level 7. HP: 23/55 MP: 6/11
  5930 | D:5      | Reached skill level 5 in Fighting
  5941 | D:5      | HP: 2/56 [poisoned by a worker ant]
  5942 | D:5      | Slain by an iguana

Skill      XL: |  1  2  3  4  5  6  7 |
---------------+----------------------+-----
Fighting       | 1 2 3 4 5 |  5.0
Maces & Flails | 1 2 3 4 |  4.7
Dodging        | |  1.7
Stealth        | |  2.4
Spellcasting   | |  3.2
Conjurations   | |  0.8
Summonings     | |  1.0
Translocations | |  0.8

Action                   |  1- 3 |  4- 6 |  7- 9 || total
-------------------------+-------+-------+-------++-------
Melee: Whip              |    45 |   102 |       ||   147
       Mace              |       |   125 |    28 ||   153
 Fire: Hunting sling     |       |    45 |       ||    45
Throw: Stone             |       |     5 |       ||     5
 Cast: Magic Dart        |    74 |    85 |       ||   159
 Abil: Dig               |       |     8 |       ||     8
  Use: Potion            |       |     2 |     3 ||     5
 Stab: Sleeping          |       |     1 |       ||     1
  Eat: Chunk             |     4 |     9 |       ||    13
       Royal jelly       |       |     1 |       ||     1
       Bread ration      |       |     1 |       ||     1
Armor: Robe              |     6 |       |       ||     6
       Ring mail         |     8 |    45 |       ||    53
       Chain mail        |       |   104 |    13 ||   117
Dodge: Dodged            |    39 |   156 |     6 ||   201
